 Dungeon Crawl Stone Soup version 0.28.0 (webtiles) character file.

Game seed: 13441598459588536683

2819 AmazingTV the Covered (level 9, -5/79 HPs)
             Began as a Minotaur Fighter on July 11, 2022.
             Was a Believer of Okawaru.
             Slain by a five-headed hydra (12 damage)
             ... on level 7 of the Dungeon.
             The game lasted 00:27:55 (9394 turns).

AmazingTV the Covered (Minotaur Fighter)            Turns: 9394, Time: 00:27:55

Health: -5/79      AC:  8    Str: 22    XL:     9   Next: 45%
Magic:  8/8        EV: 14    Int:  7    God:    Okawaru [**....]
Gold:   532        SH:  0    Dex: 17    Spells: 8/8 levels left

rFire   . . .      SeeInvis .   b - +3 flail (freeze) {mace}
rCold   . . .      Faith    .   n - orb {*Rage}
rNeg    . . .      Spirit   .   u - +2 robe {Will+}
rPois   +          Reflect  .   (helmet restricted)
rElec   .          Harm     .   x - +0 cloak
rCorr   .          Rampage  .   Z - +0 pair of gloves
Will    +....      Rage     20% w - +0 pair of boots
Stlth   ++........              (no amulet)
HPRegen 0.23/turn               s - +6 ring of dexterity
MPRegen 0.11/turn               i - ring of poison resistance

@: mighty, on berserk cooldown
A: horns 2, retaliatory headbutt
a: Renounce Religion, Heroism


You were on level 7 of the Dungeon.
You worshipped Okawaru.
Okawaru was pleased with you.
You visited 2 branches of the dungeon, and saw 8 of its levels.
You also visited: Sewer and Ossuary.

You collected 532 gold pieces.


Innate Abilities, Weirdness & Mutations

You have a pair of horns on your head.
You reflexively headbutt those who attack you in melee.


   Skills:
 + Level 7.1 Fighting
 + Level 2.7 Short Blades
 + Level 6.5 Maces & Flails
 + Level 5.2(6.3) Slings
 + Level 4.8(5.8) Throwing
 + Level 7.1 Armour
 + Level 5.3 Dodging
 + Level 2.2 Stealth
 - Level 3.8 Shields


You had 8 spell levels left.
You didn't know any spells.
Your spell library contained the following spells:

 Spells                   Type           Power      Damage    Failure   Level
 Magic Dart               Conj           0%         1d3       43%         1
 Shock                    Conj/Air       0%         1d3       43%         1
 Sting                    Tmut/Pois      0%         1d3       43%         1
 Poisonous Vapours        Pois/Air       0%         N/A       56%         2
 Scorch                   Fire           0%         2d5       56%         2
 Confusing Touch          Hex            0%         N/A       80%         3
 Inner Flame              Hex/Fire       0%         N/A       80%         3
 Mephitic Cloud           Conj/Pois/Air  0%         N/A       80%         3
 Ozocubu's Armour         Ice            0%         N/A       80%         3
 Portal Projectile        Hex/Tloc       0%         N/A       80%         3
 Swiftness                Air            0%         N/A       80%         3
 Airstrike                Air            0%         N/A       99%         4
 Cause Fear               Hex            0%         N/A       99%         4
 Flame Wave               Conj/Fire      0%         2d4       99%         4
 Leda's Liquefaction      Hex/Erth       0%         N/A       99%         4
 Olgreb's Toxic Radiance  Pois           0%         N/A       99%         4
 Yara's Violent Unravell  Hex/Tmut       0%         3d3       100%        5
 Enfeeble                 Hex            0%         N/A       100%        7
 Ozocubu's Refrigeration  Ice            0%         4d5       100%        7
 Discord                  Hex            0%         N/A       100%        8
 Call Imp                 Summ           Unusable   N/A       N/A         2
 Call Canine Familiar     Summ           Unusable   N/A       N/A         3
 Summon Cactus Giant      Summ           Unusable   N/A       N/A         6

Inventory:

Hand Weapons
 a - a +0 short sword of draining {short}
   (You found it on level 5 of the Dungeon)
 b - a +3 flail of freezing (weapon) {mace}
   (You took it off a wight on level 7 of the Dungeon)
 B - a +4 spear {polearm}
   (You took it off a wight on level 7 of the Dungeon)
 G - a +0 hunting sling {sling}
   (You found it on level 5 of the Dungeon)
 K - a +0 mace {mace}
   (You took it off an orc on level 4 of the Dungeon)
 P - a +2 hand axe of electrocution {axe}
   (You took it off an orc warrior on level 7 of the Dungeon)
Missiles
 g - 338 stones
 h - 92 arrows
 j - 109 sling bullets
 m - 53 bolts
 o - 8 javelins
 T - 15 poisoned darts (quivered)
 U - 2 curare-tipped darts {=f}
Armour
 c - a +0 buckler
 n - an orb of wrath (worn)
   (You found it on level 3 of the Dungeon)
 u - a +2 robe of willpower (worn)
   (You found it on level 3 of the Dungeon)
 w - a +0 pair of boots (worn)
   (You found it on level 3 of the Dungeon)
 x - a +0 cloak (worn)
   (You took it off Crazy Yiuf on level 6 of the Dungeon)
 Z - a +0 pair of gloves (worn)
   (You found it on level 6 of the Dungeon)
Jewellery
 f - a ring of positive energy
   (You found it on level 1 of the Dungeon)
 i - a ring of poison resistance (right hand)
   (You found it on level 1 of the Dungeon)
 p - a ring of see invisible
   (You found it on level 3 of the Dungeon)
 r - a ring of fire
   (You found it on level 3 of the Dungeon)
 s - a +6 ring of dexterity (left hand)
   (You found it on level 3 of the Dungeon)
 N - a ring of ice
   (You found it on level 5 of the Dungeon)
Wands
 t - a wand of polymorph (8)
   (You found it on level 3 of the Dungeon)
 M - a wand of charming (6)
   (You found it on level 5 of the Dungeon)
 Q - a wand of flame (21)
   (You found it on level 5 of the Dungeon)
 X - a wand of mindburst (18)
   (You found it on level 6 of the Dungeon)
Scrolls
 l - a scroll of vulnerability {unknown}
 q - a scroll of amnesia {unknown}
 y - 3 scrolls of enchant weapon
 z - 5 scrolls of teleportation {@r4}
 C - a scroll of torment {unknown}
 L - a scroll of brand weapon {unknown}
 O - 3 scrolls of fog {unknown}
 V - a scroll of fear {unknown}
 W - a scroll of enchant armour {unknown}
Potions
 d - 2 potions of might
 e - 3 potions of lignification {unknown}
 v - 4 potions of curing {@q1}
 A - 3 potions of haste {@q3}
 D - 2 potions of attraction {unknown}
 E - a potion of invisibility
 F - a potion of cancellation {unknown}
 I - a potion of mutation {unknown}
 J - a potion of berserk rage {unknown}
 R - 4 potions of heal wounds {@q2}
 S - a potion of resistance {unknown}
 Y - a potion of degeneration {unknown}

Dungeon Overview and Level Annotations

Branches:
Dungeon (7/15)             Temple (1/1) D:6           Sewer (visited)
Ossuary (visited)

Altars:
Ashenzari
Cheibriados
Dithmenos
Elyvilon
Fedhas
Gozag
Hepliaklqana
Kikubaaqudgha
Makhleb
Nemelex Xobeh
Okawaru
Qazlal
Ru
Sif Muna
Trog
Uskayaw
Vehumet
Wu Jian
Xom
Yredelemnul
Zin
The Shining One

Shops:
D:3 =

Annotations:
D:4 1 runed translucent door, Estrea's ghost, amateur DrCj

#....#.........# ##. #.#
#....########### ##..(
#.# #....# ##((..5 #.#
#....#### ###...[.# #..
#.......# .....# ##.
####....# ###D.## #.
#....# ###.'...# #.
#....# ###..D##..# #.
########....(@#...# ###.
#.....#..##..# ###...
##..###...#.... ###...#.
#...###..##...###.....##
##..#.....#.###.......##
#.†....#####['.......##
##.†.###.#..(##....#.##
#.#'#...##...#....#.##
###......'.###..#...##


You could see a five-headed hydra (slow).


Message History

The acid dragon roars!
Something shouts, "Flee, thou yeasty folly-fallen bull-brain!"
You hear a roar!
A white imp comes into view.
There is an open door here.
Throw: 16 darts (poison)
Press: ? - help, Q - select action, (/) - cycle Shift-Dir - straight line, f/p - cyclops
Aim: a cyclops, quivering large rocks (lightly wounded, very poisoned, 87% to hit)
You throw a poisoned dart. The poisoned dart hits the cyclops!
The cyclops looks as sick as possible!
Your +3 flail of freezing {mace} stops glowing.
G - a +0 hunting sling (weapon)
{sling} You shoot a stone.
The stone hits the cyclops.
The cyclops throws a large rock.
The large rock closely misses you. The acid dragon spits acid at you.
The splash of acid hits you!!
Something shouts, "Return whence thou came, thou fobbing ill-breeding bovine!" 😮 HP[-21]
You take 21 damage, and now have 57/78 hp.
MASSIVE DAMAGE!! (PAUSE) 😮 HP[+1]
You sense an unholy aura.
a - a +0 short sword of draining (weapon)
{short} The acid dragon bites you!
The acid dragon closely misses you. 😮 HP[-11]
You take 11 damage, and now have 47/78 hp.
Your +3 flail of freezing {mace} glows with a cold blue light!
b - a +3 flail of freezing (weapon)
{mace} You barely miss the acid dragon.
The acid dragon spits acid at you. The splash of acid misses you.
The acid dragon barely misses you. The acid dragon misses you.
You hear a shout! x2 😮 HP[+1]
You barely miss the acid dragon. The acid dragon closely misses you.
You furiously retaliate!
You headbutt the acid dragon! The acid dragon completely misses you.
The acid dragon bites you! The acid dragon claws you.
* * * LOW HITPOINT WARNING * * *
😨 HP[-10]
You take 10 damage, and now have 38/78 hp.
You hit the acid dragon. You freeze the acid dragon.
Your headbutt misses the acid dragon. The acid dragon closely misses you.
The acid dragon completely misses you.
You barely miss the acid dragon. The acid dragon spits acid at you.
The splash of acid misses you. The acid dragon barely misses you.
You furiously retaliate!
You headbutt the acid dragon!
The acid dragon claws you but does no damage. 😨 HP[+1]
You hit the acid dragon but do no damage.
The acid dragon bites you but does no damage.
The acid dragon claws you but does no damage.
You hit the acid dragon. You freeze the acid dragon.
The acid dragon misses you. The acid dragon claws you.
* * * LOW HITPOINT WARNING * * *
The acid dragon closely misses you.
The acid dragon claws you but does no damage. 😨 HP[-2]
You take 2 damage, and now have 37/78 hp.
You hit the acid dragon. You freeze the acid dragon.
Your headbutt misses the acid dragon. The acid dragon bites you.
* * * LOW HITPOINT WARNING * * *
The acid dragon claws you but does no damage.
A five-headed hydra comes into view. 😨 HP[-5]
You take 5 damage, and now have 32/78 hp.
You feel very mighty all of a sudden.
You feel yourself speed up.
The five-headed hydra bites you but does no damage.
The five-headed hydra misses you.
The five-headed hydra barely misses you. x2
The five-headed hydra bites you!
* * * LOW HITPOINT WARNING * * *
😨 HP[-8]
You take 8 damage, and now have 24/78 hp.
You sock the cyclops! You freeze the cyclops.
You kill the cyclops!
Okawaru is honoured by your kill. The five-headed hydra bites you!
* * * LOW HITPOINT WARNING * * *
The five-headed hydra bites you.
* * * LOW HITPOINT WARNING * * *
The five-headed hydra misses you.
The five-headed hydra bites you but does no damage.
The five-headed hydra misses you.
Your Fighting skill increases to level 7!
Your Armour skill increases to level 7!
Your Stealth skill increases to level 2! 😱 HP[-18]
You now have 79 max hp (+1).
You take 18 damage, and now have 6/79 hp.
MASSIVE DAMAGE!! (PAUSE)
You bludgeon the five-headed hydra!!
The five-headed hydra seems to slow down.
You freeze the five-headed hydra.
The five-headed hydra barely misses you.
The five-headed hydra misses you.
The five-headed hydra closely misses you.
The five-headed hydra bites you!
You die...

Skill      XL: |  1  2  3  4  5  6  7  8  9 |
---------------+----------------------------+-----
Slings         | 1 2 3 4 5 |  5.2
Throwing       | 1 2 3 4 |  4.8
Armour         | 4 5 6 7 |  7.1
Fighting       | 4 5 6 7 |  7.1
Maces & Flails | 3 4 5 6 |  6.5
Dodging        | 1 2 3 4 5 |  5.3
Short Blades   | 1 2 |  2.7
Stealth        | 1 2 |  2.2
Shields        | |  3.8

Action                   |  1- 3 |  4- 6 |  7- 9 || total
-------------------------+-------+-------+-------++-------
Melee: Flail             |    58 |   127 |   219 ||   404
       Headbutt          |     8 |    20 |    38 ||    66
 Fire: Hunting sling     |       |       |     1 ||     1
Throw: Stone             |       |       |     3 ||     3
       Dart              |       |       |     3 ||     3
  Use: Scroll            |       |       |     6 ||     6
       Potion            |       |       |     1 ||     1
 Stab: Sleeping          |       |     1 |     7 ||     8
Armor: Scale mail        |    26 |    27 |       ||    53
       Robe              |       |    30 |    44 ||    74
Dodge: Dodged            |    30 |    69 |   142 ||   241
Block: Buckler           |    14 |       |       ||    14

Levels and vault maps discovered:
D:1:      saegor_arrival_simple_b, layout_loops_ring
D:2:      layout_loops_ring, basic_altar, hellmonk_ecumenical_altar_crossroads
D:3:      kennysheep_six_static_rooms, layout_basic, serial_shops,
          nicolae_square_shop
D:4:      layout_gridville, ebering_ghost_inner_flame,
          nicolae_ossuary_entry_ruins
D:5:      layout_cave_pods, nicolae_hepliaklqana_ecumenical_no_more,
          minmay_diced_spiral
D:6:      layout_basic, temple_doors_e, gup_sewer_entry_spiral,
          uniq_crazy_yiuf_cottage
D:7:      minmay_slanted_spiral_squares, layout_basic,
          nicolae_overflow_hallway_of_the_gods, kennysheep_generic_room_10
Temple:   zaba_magenta_temple

Notes
Turn   | Place    | Note
-------+----------+-------------------------------------------
     0 | D:1      | AmazingTV the Minotaur Fighter began the quest for the Orb.
     0 | D:1      | Reached XP level 1. HP: 19/19 MP: 0/0
     0 | D:1      | magus.rc [v1.9.6]
   213 | D:1      | Reached XP level 2. HP: 23/27 MP: 1/1
   929 | D:2      | You pick up a book of Minor Magic and begin reading...
   929 | D:2      | You add the spells Magic Dart, Call Imp and Mephitic Cloud
                  | to your library.
   960 | D:2      | Found a broken altar of Ashenzari.
  1285 | D:2      | Reached skill level 1 in Slings
  1373 | D:2      | You pick up a book of Air and begin reading...
  1373 | D:2      | You add the spells Shock, Swiftness and Airstrike to your
                  | library.
  1381 | D:2      | Found a faded altar of an unknown god.
  1723 | D:3      | Reached XP level 3. HP: 33/33 MP: 2/2
  1728 | D:3      | Reached skill level 1 in Throwing
  1728 | D:3      | Reached skill level 4 in Armour
  1892 | D:3      | Reached skill level 4 in Fighting
  1892 | D:3      | Reached skill level 3 in Maces & Flails
  1968 | D:3      | Found Irche's Jewellery Boutique.
  2097 | D:3      | Reached XP level 4. HP: 39/40 MP: 3/3
  2842 | D:4      | Reached skill level 1 in Dodging
  2849 | D:4      | Noticed a centaur
  2855 | D:4      | Killed a centaur
  2856 | D:4      | Reached skill level 2 in Slings
  2856 | D:4      | Reached XP level 5. HP: 33/47 MP: 4/4
  2972 | D:4      | HP: 10/47 [orc wizard (3)]
  2983 | D:4      | Found a sand-covered staircase.
  3231 | D:4      | Found a runed translucent door.
  3232 | D:4      | Noticed Estrea's ghost (amateur DrCj)
  3238 | Ossuary  | Entered an ossuary
  3277 | Ossuary  | Reached skill level 2 in Throwing
  3279 | Ossuary  | Reached skill level 2 in Dodging
  3288 | Ossuary  | Reached XP level 6. HP: 45/53 MP: 5/5
  3424 | Ossuary  | Reached skill level 4 in Maces & Flails
  4486 | D:4      | Reached skill level 5 in Fighting
  4677 | D:5      | Entered Level 5 of the Dungeon
  4766 | D:5      | Found a faded altar of an unknown god.
  4767 | D:5      | Found a faded altar of an unknown god.
  4767 | D:5      | Found a hazy altar of Hepliaklqana.
  4791 | D:5      | You pick up a book of Hexes and begin reading...
  4791 | D:5      | You add the spells Inner Flame, Cause Fear and Discord to
                  | your library.
  5241 | D:5      | You add the spells Sting, Poisonous Vapours and Olgreb's
                  | Toxic Radiance to your library.
  5277 | D:5      | Reached skill level 3 in Slings
  5277 | D:5      | Reached skill level 5 in Armour
  5284 | D:5      | Reached XP level 7. HP: 42/61 MP: 6/6
  5436 | D:5      | HP: 8/91 [ogre (18)]
  5756 | D:5      | Reached skill level 3 in Throwing
  5756 | D:5      | Reached skill level 3 in Dodging
  6315 | D:6      | Found a staircase to the Ecumenical Temple.
  6340 | Temple   | Entered the Ecumenical Temple
  6427 | D:6      | Reached skill level 5 in Maces & Flails
  6567 | D:6      | Found a glowing drain.
  6580 | Sewer    | Entered a sewer
  6602 | Sewer    | Reached XP level 8. HP: 62/70 MP: 7/7
  6704 | Sewer    | Reached skill level 6 in Fighting
  6704 | Sewer    | Reached skill level 4 in Slings
  6904 | Sewer    | Reached skill level 6 in Armour
  7129 | Sewer    | Reached skill level 4 in Dodging
  7747 | D:6      | You pick up a book of Misfortune and begin reading...
  7747 | D:6      | You add the spells Confusing Touch, Yara's Violent
                  | Unravelling and Enfeeble to your library.
  7833 | D:6      | Found a runed translucent door.
  7834 | D:6      | Noticed Crazy Yiuf
  8025 | D:6      | Killed Crazy Yiuf
  8111 | D:7      | Reached skill level 4 in Throwing
  8229 | D:7      | Found a sacrificial altar of Ru.
  8232 | D:7      | Found a stormy altar of Qazlal.
  8233 | D:7      | Found a broken altar of Ashenzari.
  8239 | D:7      | Found an iron altar of Okawaru.
  8240 | D:7      | Found a hide-covered altar of Uskayaw.
  8244 | D:7      | Found a white marble altar of Elyvilon.
  8245 | D:7      | Found a snail-covered altar of Cheibriados.
  8246 | D:7      | Became a worshipper of Warmaster Okawaru
  8247 | D:7      | Found a basalt altar of Yredelemnul.
  8249 | D:7      | Found a shimmering altar of Xom.
  8253 | D:7      | Found an opulent altar of Gozag.
  8254 | D:7      | Found a glowing silver altar of Zin.
  8343 | D:7      | You pick up a book of Scorching and begin reading...
  8343 | D:7      | You add the spells Scorch and Flame Wave to your library.
  8357 | D:7      | Reached skill level 1 in Short Blades
  8552 | D:7      | Reached skill level 6 in Maces & Flails
  8552 | D:7      | Reached skill level 1 in Stealth
  8564 | D:7      | You add the spells Ozocubu's Armour and Ozocubu's
                  | Refrigeration to your library.
  8777 | D:7      | You pick up a book of the Hunter and begin reading...
  8777 | D:7      | You add the spells Portal Projectile and Leda's
                  | Liquefaction to your library.
  8851 | D:7      | Reached * piety under Okawaru
  8854 | D:7      | Reached XP level 9. HP: 70/78 MP: 8/8
  8861 | D:7      | Reached skill level 2 in Short Blades
  9358 | D:7      | Reached skill level 5 in Slings
  9361 | D:7      | Reached skill level 5 in Dodging
  9373 | D:7      | Noticed a cyclops
  9392 | D:7      | Noticed a five-headed hydra
  9393 | D:7      | Killed a cyclops
  9393 | D:7      | Reached ** piety under Okawaru
  9393 | D:7      | HP: 11/78 [five-headed hydra (13)]
  9394 | D:7      | Reached skill level 7 in Fighting
  9394 | D:7      | Reached skill level 7 in Armour
  9394 | D:7      | Reached skill level 2 in Stealth
  9394 | D:7      | Slain by a five-headed hydra

Vanquished Creatures
  A cyclops (D:7)
  A water moccasin (D:5)
  A sky beast (D:7)
  A black bear (D:7)
  An orc warrior (D:7)
  An ogre (D:5)
  A necrophage (D:5)
  A centaur (D:4)
  4 kobold brigands
  4 bullfrogs (D:7)
  A wyvern zombie (D:6)
  6 killer bees (D:7)
  4 wights (D:7)
  2 howler monkeys
  2 centaur zombies
  An orc priest (D:4)
  Crazy Yiuf (D:6)
  A gnoll shaman (D:5)
  A hound (D:6)
  A jelly (D:6)
  A centaur skeleton (D:4)
  An iguana (D:7)
  A scorpion zombie (D:5)
  2 orc wizards (D:4)
  2 killer bee zombies
  8 mummies (Ossuary)
  3 gnolls (D:3)
  9 adders
  4 river rats (Sewer)
  A shadow imp (D:7)
  A white imp (D:5)
  An ufetubus (D:4)
  3 worms (D:6)
  4 dart slugs
  7 orcs
  9 ball pythons
  7 endoplasms
  5 giant cockroaches
  A gnoll zombie (Ossuary)
  4 goblins
  4 hobgoblins
  8 kobolds
  2 quokkas
  4 bats
  10 frilled lizards
  4 hobgoblin zombies (Ossuary)
  A jackal skeleton (D:3)
  2 kobold zombies (Ossuary)
  An orc zombie (Ossuary)
  11 rats
157 creatures vanquished.

Vanquished Creatures (others)
  9 plants
9 creatures vanquished.

Grand Total: 166 creatures vanquished

Table legend:
 A = Non-vault XP
 B = Vault XP
 C = Vault XP percentage of total XP
 D = Non-vault monster count
 E = Vault monster count
 F = Vault count percentage of total count
                 A         B        C        D         E       F
            +---------+---------+-------+---------+---------+-------
      Total |    2297 |    1731 |  43.0 |      95 |      62 |  39.5
            +---------+---------+-------+---------+---------+-------
        D:1 |      20 |       0 |   0.0 |      11 |       0 |   0.0
        D:2 |      10 |       0 |   0.0 |       7 |       0 |   0.0
        D:3 |      72 |      10 |  12.2 |      13 |       6 |  31.6
        D:4 |     325 |       0 |   0.0 |      26 |       0 |   0.0
        D:5 |     581 |      42 |   6.7 |      12 |       1 |   7.7
        D:6 |     267 |      64 |  19.3 |       6 |       8 |  57.1
        D:7 |    1022 |    1068 |  51.1 |      20 |       7 |  25.9
      Sewer |       0 |     391 | 100.0 |       0 |      24 | 100.0
    Ossuary |       0 |     156 | 100.0 |       0 |      16 | 100.0
            +---------+---------+-------+---------+---------+-------

Illustrated notes

Table legend:
 A = Kills in this place as a percentage of kills in entire the game.
 B = Kills by you in this place as a percentage of kills by you in the entire game.
 C = Kills by friends in this place as a percentage of kills by friends in the entire game.
 D = Other kills in this place as a percentage of other kills in the entire game.
 E = Experience gained in this place as a percentage of experience gained in the entire game.
 F = Experience gained in this place divided by the number of levels of this place that you have seen.
                   A       B       C       D       E      F
               +-------+-------+-------+-------+-------+----------------------
         Total | 100.0 | 100.0 |   N/A |   N/A | 100.0 | 402.8
       Dungeon |  74.5 |  74.5 |   N/A |   N/A |  86.4 | 497.3
         Sewer |  15.3 |  15.3 |   N/A |   N/A |   9.7 | 391.0
       Ossuary |  10.2 |  10.2 |   N/A |   N/A |   3.9 | 156.0
               +-------+-------+-------+-------+-------+----------------------

Table legend: (Time is in decaauts)
 A = Elapsed time spent in this place.
 B = Non-inter-level travel time spent in this place.
 C = Inter-level travel time spent in this place.
 D = Time resting spent in this place.
 E = Time spent auto-exploring this place.
 F = Levels seen in this place.
 G = Mean time per level.
                   A        B        C        D        E       F      G
               +--------+--------+--------+--------+--------+-----+--------+
         Total |   9956 |   9837 |    119 |   2248 |   5679 |  10 |  995.6 |
       Dungeon |   8214 |   8095 |    119 |   1700 |   5160 |   7 | 1173.4 |
        Temple |     69 |     69 |      0 |      0 |      0 |   1 |   69.0 |
         Sewer |   1086 |   1086 |      0 |    164 |    438 |   1 | 1086.0 |
       Ossuary |    585 |    585 |      0 |    383 |     81 |   1 |  585.0 |
               +--------+--------+--------+--------+--------+-----+--------+

Top non-repeatable levels by time:
     D:5: 1668 daAuts
     D:4: 1367 daAuts
     D:7: 1346 daAuts
     D:3: 1204 daAuts
   Sewer: 1086 daAuts
     D:6: 971 daAuts
     D:1: 910 daAuts
     D:2: 745 daAuts
 Ossuary: 585 daAuts
  Temple: 69 daAuts
